 Dungeon Crawl Stone Soup version 0.16-a0-3049-g2a447e9 (webtiles) character file.

39 Kemay the Insei (level 3, 1/23 HPs)
             Began as an Octopode Transmuter on Dec 9, 2014.
             Quit the game on level 2 of the Dungeon.
             The game lasted 00:03:27 (1576 turns).

Kemay the Insei (Octopode Transmuter)               Turns: 1576, Time: 00:03:27

Health: 1/23       AC:  1    Str:  9    XL:     3   Next: 45%
Magic:  6/6        EV: 12    Int: 21    God:
Gold:   94         SH:  0    Dex: 12    Spells: 1 memorised, 5 levels left

rFire  . . .     SeeInvis .       - Unarmed
rCold  . . .     Clarity  +     (no shield)
rNeg   . . .     SustAb   .     (helmet restricted)
rPois  .         Gourm    .     (no amulet)
rElec  .         Spirit   .     f - ring of loudness (curse)
rCorr  .         Warding  .     i - ring of protection from magic
rMut   .         Stasis   .     (no ring)
MR     +....                    (no ring)
Stlth  +.........               (no ring)
                                (no ring)
                                (no ring)
                                (no ring)

@: brilliant, lethally poisoned, somewhat resistant to hostile enchantments,
very unstealthy
A: almost no armour, amphibious, 8 rings, constrict 8, camouflage 1, clarity,
mutation resistance 1, gelatinous body 1
a: no special abilities


You were on level 2 of the Dungeon.
You were not hungry.

You visited 1 branch of the dungeon, and saw 2 of its levels.

You collected 94 gold pieces.

Inventory:

Missiles
 c - 19 stones (quivered)
Jewellery
 f - a cursed ring of loudness (left tentacle)
 i - a ring of protection from magic (right tentacle)
Scrolls
 b - a scroll of identify
 e - a scroll of magic mapping
Potions
 h - a potion of agility
 k - 2 potions of brilliance
Books
 d - a book of Changes

   Spells                             Type                      Level
   a - Beastly Appendage              Transmutation                1
   b - Sticks to Snakes               Transmutation                2
   c - Spider Form                    Transmutation/Poison         3
   d - Ice Form                       Ice/Transmutation            4
   e - Blade Hands                    Transmutation                5
Comestibles
 a - a bread ration
 g - 2 royal jellies


   Skills:
 - Level 1.0 Fighting
 - Level 2.0 Dodging
 + Level 4.4 Unarmed Combat
 - Level 2.0 Spellcasting
 - Level 2.0 Transmutations


You had 5 spell levels left.
You knew the following spells:

 Your Spells              Type           Power        Failure   Level  Hunger
a - Beastly Appendage     Trmt           ###...       1%          1    #......


Dungeon Overview and Level Annotations

Branches:
Dungeon (2/15)

Altars:


Innate Abilities, Weirdness & Mutations

You cannot wear most types of armour.
You are amphibious.
You can wear up to eight rings at the same time.
You can use your tentacles to constrict many enemies at once.
Your skin changes colour to match your surroundings (Stealth).
Your rubbery body absorbs attacks (AC +1).
You possess an exceptional clarity of mind.
You are somewhat resistant to further mutation.


Message History

You feel clever all of a sudden.
There is a lethal amount of poison in your body!
You feel sick.
* * * LOW HITPOINT WARNING * * *
You feel sick.
Your transformation is almost over.
* * * LOW HITPOINT WARNING * * *
You feel sick.
* * * LOW HITPOINT WARNING * * *
You feel sick.
* * * LOW HITPOINT WARNING * * *
You feel sick.
* * * LOW HITPOINT WARNING * * *
You feel sick.
Your tentacle spike disappears.
* * * LOW HITPOINT WARNING * * *
You feel sick.
* * * LOW HITPOINT WARNING * * *
You feel sick.
Are you sure you want to abandon this character and quit the game? (Confirm with "yes".)

#.#.#.#.# ## #.#
#.#.....# #. .. #.#.#.###
## #.###.#.#.##########
.................#
##.###............##
.....................
########.##............##
........@.#............#
########..#............#
#####.#.#............##
.......#.##+##..........
#......##.##..........
+......##.##..........
#......##.##..........
#.......#.##..........
#........)............


There were no monsters in sight!

Vanquished Creatures
  An adder (D:2)
  A worm (D:2)
  2 giant cockroaches (D:1)
  4 goblins
  7 jackals (D:1)
  4 bats
  2 giant newts
  2 kobolds
  A rat (D:1)
24 creatures vanquished.

Notes
Turn   | Place    | Note
--------------------------------------------------------------
     0 | D:1      | Kemay, the Octopode Transmuter, began the quest for the Orb.
     0 | D:1      | Reached XP level 1. HP: 13/13 MP: 3/3
   212 | D:1      | Reached XP level 2. HP: 8/18 MP: 2/4
   439 | D:1      | Gained mutation: You possess an exceptional clarity of mind. [potion of mutation]
   439 | D:1      | Gained mutation: You are somewhat resistant to further mutation. [potion of mutation]
  1118 | D:2      | Reached skill level 4 in Unarmed Combat
  1118 | D:2      | Reached XP level 3. HP: 10/23 MP: 6/6
  1573 | D:2      | HP: 1/23 [poisoned by an adder]
  1576 | D:2      | Quit the game

Action                   || total
-------------------------++-------
Melee: Unarmed           ||    66
 Cast: Beastly Appendage ||    11
 Abil: End Transformatio ||     1
  Use: Potion            ||     4
       Scroll            ||     5
 Stab: Sleeping          ||     1
  Eat: Chunk             ||     2
